 Dungeon Sprint DCSS version 0.24.0-1-gfbc8707 (webtiles) character file.

Game seed: 12516529276444623831, levelgen mode: deterministic

10227 Fang the Warrior (level 11, -11/81 HPs)
             Began as a Gargoyle Berserker on Nov 7, 2019.
             Was the Champion of Trog.
             Mangled by a frost giant
             ... wielding a +1 battleaxe of freezing
              (22 damage)
             ... in the Dungeon (Sprint V: "Ziggurat Sprint").
             The game lasted 00:02:28 (828 turns).

Fang the Warrior (Gargoyle Berserker)                Turns: 828, Time: 00:02:29

Health: -11/81     AC: 39    Str: 36    XL:     11   Next: 58%
Magic:  0/11       EV:  7    Int:  8    God:    Trog [******]
Gold:   0          SH: 33    Dex:  9    Spells: 10/10 levels left

rFire    . . .     SeeInvis .   a - +5 broad axe
rCold    . . .     Gourm    .   E - +18 shield of the Gong {rElec rN+ MR+ EV-5}
rNeg     + + .     Faith    .   b - +15 Maxwell's patent armour {-Cast -Tele rElec MR+ rCorr}
rPois    ∞         Spirit   +   (no helmet)
rElec    +         Reflect  .   z - scarf {Spirit}
rCorr    +         Harm     .   (no gloves)
MR       ++++.     NoTele   +   F - +0 pair of boots {run} Stlth ..........NoCast +
                                (no amulet)
HPRegen  1.23/turn              D - +6 ring of strength
MPRegen  0.12/turn              C - +6 ring of strength

@: berserk cooldown, regenerating, slowed, very slow
A: negative energy resistance 1, electricity resistance, unbreathing,
petrification resistance, rot immunity, AC +8
a: Berserk, Trog's Hand, Brothers in Arms, Renounce Religion


You were in the Dungeon.
You worshipped Trog.
Trog was exalted by your worship.
You were very hungry.

You visited 1 branch

Inventory:

Hand Weapons
 a - a +5 broad axe (weapon)
Armour
 b - the +15 Maxwell's patent armour (worn) {-Cast -Tele rElec MR+ rCorr}
   (You found it in the Dungeon)

   It insulates you from electricity.
   It affects your resistance to hostile enchantments.
   It prevents spellcasting.
   It prevents most forms of teleportation.
   It provides partial protection from all sources of acid and corrosion.
 z - a scarf of spirit shield (worn)
 E - the +18 shield of the Gong (worn) {rElec rN+ MR+ EV-5}
   (You found it in the Dungeon)

   It affects your evasion (-5).
   It insulates you from electricity.
   It protects you from negative energy.
   It affects your resistance to hostile enchantments.
 F - a +0 pair of boots of running (worn)
Jewellery
 g - an uncursed ring of magical power
 o - a +3 ring of dexterity
 x - an uncursed ring of stealth
 y - an uncursed ring of protection from fire
 A - a +5 ring of strength
 C - a +6 ring of strength (right hand)
 D - a +6 ring of strength (left hand)
Wands
 u - a wand of disintegration (7)
 v - a wand of iceblast (7)
 w - a wand of acid (7)
Scrolls
 i - 4 scrolls of blinking
 j - 7 scrolls of fog
 k - a scroll of holy word
 l - 5 scrolls of identify
 m - 5 scrolls of remove curse
 n - 2 scrolls of fear
Potions
 d - 10 potions of curing
 e - 14 potions of heal wounds
 f - 6 potions of haste
 h - 3 potions of berserk rage
 p - 2 potions of invisibility
 q - 4 potions of resistance
 r - a potion of experience
 s - 5 potions of agility
 t - 5 potions of might
Comestibles
 c - 7 rations
 B - 15 chunks of flesh


   Skills:
 * Level 15.3 Fighting
 * Level 13.1 Axes
 + Level 11.1 Armour
 + Level 8.7 Dodging
 * Level 14.9 Shields


You had 10 spell levels left.
You didn't know any spells.
Your spell library was empty.

Dungeon Overview and Level Annotations

Branches:
Dungeon (1/1)

Altars:
Ashenzari
Cheibriados
Dithmenos
Elyvilon
Fedhas
Gozag
Hepliaklqana
Kikubaaqudgha
Makhleb
Nemelex Xobeh
Okawaru
Qazlal
Ru
Sif Muna
Trog
Uskayaw
Vehumet
Wu Jian
Xom
Yredelemnul
Zin
The Shining One
Beogh
Jiyva
Lugonu

Annotations:
D 1 transporter


Innate Abilities, Weirdness & Mutations

You are resistant to torment.
Your stone body is resilient. (AC +8)
You are immune to poison.
You resist negative energy. (rN+)
You are resistant to electric shocks. (rElec)
You can survive without breathing.
You are immune to petrification.
You are immune to rotting.


Message History

You block the troll's attack.
PTOANNNG!
You block the troll's attack.
PTOANNNG!
You block the troll's attack.
SHROANNG!
The frost giant hits you but does no damage.
You hit the frost giant.
The frost giant is heavily wounded.
You hit the troll. You slice the cyclops!! You block the troll's attack.
GONNNNG!
The troll barely misses you. You block the troll's attack.
PTOANNNG!
You block the cyclops's attack.
PANG!
The troll bites you but does no damage. The troll closely misses you.
You block the troll's attack.
SHROANNG!
The frost giant hits you with a +1 battleaxe of freezing!!
You die...

▓▓▓▓▓▓▓▓▓▓▓▓▓▓▓▓▓▓▓
▓...8©8...▓...8©8...▓
▓..:))[)..▓..}:)}|..▓
▓..=):)"..▓...[))|..▓
▓.........▓.........▓
▓.........▓.........▓
▓.........▓.........▓
▓...)(T...▓...÷†÷...▓
▓...C@C...▓.▓.†)†.▓.▓
▓.▓..(..▓.▓....©....▓
▓....©....▓▓▓▓▓▓▓▓▓▓▓
▓▓▓▓▓▓▓▓▓▓▓


You could see a frost giant, a cyclops and a troll.

Vanquished Creatures
  A stone giant (D)
  A deep elf death mage (D)
  3 two-headed ogres (D)
  2 dancing weapons (D)
  A deep elf mage (D)
  A black mamba (D)
  A large abomination (D)
  2 trolls (D)
  4 merfolk (D)
  A slime creature (D)
  2 hippogriffs (D)
  2 spriggans (D)
  A yak (D)
  A water moccasin (D)
  3 hell hounds (D)
  2 porcupines (D)
  3 small abominations (D)
  2 black bears (D)
  2 necrophages (D)
  An eye of draining (D)
  An ogre (D)
  4 wolves (D)
  A bullfrog (D)
  A crimson imp (D)
  A quasit (D)
  An orc priest (D)
  An iron imp (D)
  2 orc wizards (D)
  2 iguanas (D)
  A river rat (D)
  A shadow imp (D)
  An ufetubus (D)
  An ooze (D)
  An adder skeleton (D)
  An orc (D)
  2 bat skeletons (D)
  2 jackals (D)
  A jackal skeleton (D)
61 creatures vanquished.

Notes
Turn   | Place    | Note
-------+----------+-------------------------------------------
     0 | D        | Fang the Gargoyle Berserker began the quest for the Orb.
     0 | D        | Reached XP level 1. HP: 14/14 MP: 1/1
     0 | D        | Found a blossoming altar of Fedhas.
     1 | D        | Found the +6 Majin-Bo {vamp, Archmagi MP+6 Int+6}
     1 | D        | Found the +7 great mace "Firestarter" {inner flame, rF++}
     1 | D        | Found a transporter.
     1 | D        | Found a viscous altar of Jiyva.
     1 | D        | Found an ancient bone altar of Kikubaaqudgha.
     1 | D        | Found a hazy altar of Hepliaklqana.
     1 | D        | Found a corrupted altar of Lugonu.
     1 | D        | Found an opulent altar of Gozag.
     1 | D        | Found a burning altar of Makhleb.
    17 | D        | Found a stormy altar of Qazlal.
    17 | D        | Found an iron altar of Okawaru.
    17 | D        | Found a sacrificial altar of Ru.
    17 | D        | Found a sparkling altar of Nemelex Xobeh.
    17 | D        | Found a shimmering blue altar of Sif Muna.
    17 | D        | Found a bloodstained altar of Trog.
    24 | D        | Found the +9 heavy crossbow "Sniper" {velocity, Acc+∞ SInv}
    24 | D        | Found the +10 dark maul {crush}
    24 | D        | Found the +15 Maxwell's patent armour {-Cast -Tele rElec
                  | MR+ rCorr}
    24 | D        | Found the +18 shield of the Gong {rElec rN+ MR+ EV-5}
    24 | D        | Found the cursed +14 obsidian axe {chop, +Fly SInv *Curse}
    75 | D        | Entered arena 2.
    75 | D        | Noticed an iguana
    75 | D        | Noticed a yak
    75 | D        | Found a transporter.
    79 | D        | Killed a yak
    79 | D        | Reached skill level 6 in Fighting
    79 | D        | Reached skill level 5 in Axes
    79 | D        | Reached skill level 5 in Shields
    79 | D        | Reached XP level 2. HP: 20/23 MP: 2/2
    79 | D        | Reached XP level 3. HP: 25/28 MP: 3/3
    79 | D        | Reached XP level 4. HP: 28/32 MP: 4/4
    79 | D        | Reached XP level 5. HP: 33/37 MP: 5/5
   192 | D        | Entered arena 3.
   192 | D        | Noticed an eye of draining
   192 | D        | Noticed a slime creature
   192 | D        | Found a transporter.
   196 | D        | Reached ** piety under Trog
   199 | D        | Killed a slime creature
   199 | D        | Reached skill level 8 in Fighting
   199 | D        | Reached skill level 5 in Armour
   199 | D        | Reached XP level 6. HP: 44/44 MP: 6/6
   201 | D        | Killed an eye of draining
   201 | D        | Reached XP level 7. HP: 50/50 MP: 0/7
   242 | D        | Entered arena 4.
   242 | D        | Noticed a deep elf mage
   242 | D        | Noticed a deep elf death mage
   242 | D        | Noticed a +0 dire flail of holy wrath
   242 | D        | Noticed a +1 trident of venom
   242 | D        | Found a transporter.
   247 | D        | Killed a +0 dire flail of holy wrath
   247 | D        | Reached *** piety under Trog
   247 | D        | Reached skill level 10 in Fighting
   247 | D        | Reached skill level 5 in Dodging
   247 | D        | Reached XP level 8. HP: 58/58 MP: 5/8
   248 | D        | Killed a deep elf death mage
   248 | D        | Reached skill level 11 in Fighting
   248 | D        | Reached skill level 10 in Shields
   248 | D        | Reached XP level 9. HP: 64/64 MP: 5/9
   250 | D        | Killed a +1 trident of venom
   250 | D        | Reached skill level 12 in Fighting
   250 | D        | Reached skill level 10 in Axes
   253 | D        | Killed a deep elf mage
   253 | D        | Reached **** piety under Trog
   290 | D        | Entered arena 5.
   290 | D        | Found a transporter.
   291 | D        | Identified the +6 morningstar "Spiderslayer" {holy, rC+
                  | Int+3 Dex+2}
   295 | D        | Reached ***** piety under Trog
   301 | D        | Entered arena 6.
   301 | D        | Found a transporter.
   339 | D        | Entered arena 7.
   339 | D        | Noticed a merfolk
   339 | D        | Noticed a merfolk
   339 | D        | Noticed a merfolk
   339 | D        | Noticed a merfolk
   340 | D        | Identified the +2 hand crossbow of Ehompu Kekuw {freeze,
                  | MR+ MP+9 Int-2}
   340 | D        | Identified the +4 dagger of Osuyx {pierce, Int+5 Dex-4}
   340 | D        | Found a transporter.
   344 | D        | Reached XP level 10. HP: 72/72 MP: 10/10
   350 | D        | Reached ****** piety under Trog
   353 | D        | Reached skill level 13 in Fighting
   496 | D        | Entered arena 8.
   497 | D        | Found the +27 Lear's hauberk
   499 | D        | Received a gift from Trog
   507 | D        | Found a transporter.
   533 | D        | Entered arena 9.
   533 | D        | Noticed a large abomination
   534 | D        | Identified the +9 hand crossbow "Imyar" {velocity, Fragile
                  | MR+ Int+5 Stlth+}
   534 | D        | Found a transporter.
   540 | D        | Received a gift from Trog
   545 | D        | Killed a large abomination
   703 | D        | Entered arena 10.
   704 | D        | Found a transporter.
   712 | D        | Reached skill level 10 in Armour
   714 | D        | Reached skill level 14 in Fighting
   746 | D        | Identified a +0 pair of boots of running (You found it in
                  | the Dungeon)
   749 | D        | Entered arena 11.
   749 | D        | Noticed a black mamba
   750 | D        | Found a transporter.
   752 | D        | Received a gift from Trog
   757 | D        | Killed a black mamba
   757 | D        | Reached XP level 11. HP: 80/80 MP: 6/11
   810 | D        | Entered arena 12.
   810 | D        | Noticed a two-headed ogre
   810 | D        | Noticed a cyclops
   810 | D        | Noticed a stone giant
   810 | D        | Noticed a frost giant
   810 | D        | Noticed a two-headed ogre
   811 | D        | Found the +8 autumn katana {slice, Clar}
   811 | D        | Noticed a two-headed ogre
   813 | D        | Found a transporter.
   818 | D        | Killed a two-headed ogre
   818 | D        | Received a gift from Trog
   819 | D        | Killed a two-headed ogre
   822 | D        | Killed a two-headed ogre
   822 | D        | Reached skill level 15 in Fighting
   824 | D        | Killed a stone giant
   828 | D        | Mangled by a frost giant

Levels and vault maps discovered:
D:        sprint_v [room_start, room_1, room_2, room_3, room_4, room_5, room_6,
          room_7, room_8, room_9, room_10, room_11, room_12, room_13, room_14,
          room_15, room_16, room_17, room_18, room_19, room_20, room_21,
          room_22, room_23, room_24, room_25, room_26, room_27]

Skill      XL: |  1  2  3  4  5  6  7  8  9 10 11 |
---------------+----------------------------------+-----
Fighting       | 6 8 10 11 12 14 15 | 15.3
Axes           | 5 6 7 8 9 10 12 13 | 13.1
Armour         | 4 5 7 8 9 10 11 | 11.1
Dodging        | 3 4 5 6 7 8 |  8.7
Shields        | 5 7 9 10 12 13 14 | 14.9

Action                   |  1- 3 |  4- 6 |  7- 9 | 10-12 || total
-------------------------+-------+-------+-------+-------++-------
Melee: Broad axe         |     3 |     8 |    21 |    72 ||   104
Invok: Berserk           |     1 |     1 |     2 |     3 ||     7
       Trog's Hand       |       |       |       |     1 ||     1
  Eat: Chunk             |       |       |     1 |     4 ||     5
Armor: Plate armour      |       |     1 |     8 |    45 ||    54
Dodge: Dodged            |       |       |     2 |    13 ||    15
Block: Shield            |     3 |     3 |    28 |   149 ||   183
